 Dungeon Crawl Stone Soup version 0.31-a0-1074-g0b22e4e0f1 (webtiles) character file.

Game seed: 949491947713085366

48 horus123 the Digger (level 3, -2/26 HPs)
             Began as a Demigod Earth Elementalist on Dec 3, 2023.
             Slain by Terence
             ... wielding a +0 mace
              (9 damage)
             ... on level 1 of the Dungeon.
             The game lasted 00:01:22 (1079 turns).

horus123 the Digger (Demigod Earth Elementalist)    Turns: 1079, Time: 00:01:22

Health: -2/26      AC:  3    Str:  9    XL:     3   Next: 30%
Magic:  3/10       EV: 12    Int: 21    God:
Gold:   6          SH:  0    Dex: 14    Spells: 7/8 levels left

rFire   . . .        j - +0 short sword
rCold   . . .        (no shield)
rNeg    . . .        a - +0 robe
rPois   .            (no helmet)
rElec   .            (no cloak)
rCorr   .            (no gloves)
SInv    .            e - +0 pair of boots
Will    .....        (no amulet)
Stlth   ++           (no ring)
HPRegen 0.24/turn    (no ring)
MPRegen 0.12/turn

%: no passive effects
@: no status effects
A: high MP 1, forlorn, divine attributes
a: no special abilities


You were on level 1 of the Dungeon.
You visited 1 branch of the dungeon, and saw 2 of its levels.

You collected 6 gold pieces.

Inventory:

Hand Weapons
 j - a +0 short sword (weapon)
Armour
 a - a +0 robe (worn)
 e - a +0 pair of boots (worn)
Scrolls
 c - a scroll of vulnerability {unknown}
 f - a scroll of silence {unknown}
 h - a scroll of revelation {unknown}
 i - a scroll of amnesia {unknown}
 k - a scroll of fog {unknown}
Potions
 b - a potion of magic
 d - a potion of might {unknown}
 g - a potion of lignification {unknown}
 l - a potion of ambrosia {unknown}


   Skills:
 - Level 1.7 Dodging
 - Level 1.7 Stealth
 - Level 3.0 Spellcasting
 - Level 0.8 Transmutations
 + Level 3.2 Earth Magic


You had 7 spell levels left.
You knew the following spells:

 Your Spells              Type           Power      Damage    Failure   Level
a - Sandblast             Erth           32%        2d9       3%          1

Your spell library contained the following spells:

 Spells                   Type           Power      Damage    Failure   Level
 Passwall                 Tmut/Erth      9%         N/A       9%          2
 Ensorcelled Hibernation  Hex/Ice        6%         N/A       21%         2
 Jinxbite                 Hex            6%         N/A       21%         2
 Stone Arrow              Conj/Erth      18%        3d8       21%         3
 Swiftness                Air            3%         N/A       36%         3
 Petrify                  Tmut/Erth      11%        N/A       50%         4
 Brom's Barrelling Bould  Conj/Erth      9%         2d3       56%         4
 Anguish                  Hex/Necr       1%         N/A       78%         4


Dungeon Overview and Level Annotations

Branches:
Dungeon (2/15)

Annotations:
D:1 Terence


Innate Abilities, Weirdness & Mutations

You have an increased reservoir of magic. (+10% MP)
You shall have no god before yourself.
Your divine heritage dramatically boosts your attributes as you level up.


Message History

The blast of sand hits the adder!
You kill the adder!
The goblin hits you but does no damage.
Your Earth Magic skill increases to level 3!
The blast of sand hits the goblin!
You kill the goblin!
The blast of sand hits Terence but does no damage.
The hobgoblin shouts!
An orc comes into view.
It is wielding a +0 dagger and wearing a +2 ring mail of cold resistance.
Terence completely misses you.
The blast of sand hits Terence but does no damage.
The orc shouts!
Terence hits you with a +0 mace!
The blast of sand hits Terence but does no damage.
Terence closely misses you. Terence hits you but does no damage.
The blast of sand hits Terence but does no damage.
Terence hits you with a +0 mace! The hobgoblin misses you.
Terence shouts, "ATTACK!!!"
Terence hits you with a +0 mace.
* * * LOW HITPOINT WARNING * * *
You climb upwards.
There is a stone staircase leading down here.
The hobgoblin closely misses you.
Terence says, "Don't bother to defend, it's senseless."
The hobgoblin attacks as it pursues you!
The hobgoblin barely misses you.
Aiming: Sandblast (safe; 3% risk of failure)
Press: ? - help, Q - select action Shift-Dir - straight line, f - hobgoblin
Aim: a hobgoblin (82% to hit)
The blast of sand hits the hobgoblin!
You kill the hobgoblin!
Okay, then.
Aiming: Sandblast (safe; 3% risk of failure)
Press: ? - help, Q - select action Shift-Dir - straight line, f - Terence
Aim: Terence, wielding a +0 mace and wearing a +3 ring mail of poison resistance (84% to hit)
The blast of sand misses Terence.
Terence hits you with a +0 mace!
You die...
Terence says, "Time to find some more victims."

#.# #.## #############.#
#.#. #.............#
#.#.
#.##################.#.
#.>................#.##
##.#...................
#.###.......#...#...#.
#.# #@#####.#.#.#.....
#.# #@# #...#.#.....
#.###.# #####.#.....
#.....# #.#.....
#################.###...
#...............#.......
###############.#######.
#.........##.# #.
#.........##.# ##
#.........##.# ######


You could see Terence.

Vanquished Creatures
  A gnoll (D:1)
  An adder (D:2)
  3 dart slugs (D:1)
  4 ball pythons (D:1)
  2 endoplasms (D:1)
  3 goblins
  3 hobgoblins (D:1)
  3 bats (D:1)
  A kobold (D:1)
  5 rats (D:1)
26 creatures vanquished.

Notes
Turn   | Place    | Note
-------+----------+-------------------------------------------
     0 | D:1      | horus123 the Demigod Earth Elementalist began the quest for
                  | the Orb.
     0 | D:1      | Reached XP level 1. HP: 14/14 MP: 5/5
   345 | D:1      | Reached XP level 2. HP: 17/20 MP: 2/8
   877 | D:1      | Reached XP level 3. HP: 26/26 MP: 8/10
  1062 | D:2      | Noticed Terence
  1079 | D:1      | Slain by Terence

Illustrated notes

Levels and vault maps discovered:
D:1:      dpeg_arrival_simpleton_a, layout_basic
D:2:      layout_rooms, uniq_robin, uniq_terence, uniq_sigmund

Skill      XL: |  1  2  3 |
---------------+----------+-----
Spellcasting   | 2 3 |  3.0
Earth Magic    | 3 |  3.2
Dodging        | |  1.7
Stealth        | |  1.7
Transmutations | |  0.8

Action                     || total
---------------------------++-------
  Melee: Short sword       ||     1
   Cast: Sandblast         ||    41
 Armour: Robe              ||    12
  Dodge: Dodged            ||    16

Table legend: (Time is in decaauts)
 A = Elapsed time spent in this place.
 B = Non-inter-level travel time spent in this place.
 C = Inter-level travel time spent in this place.
 D = Time resting spent in this place.
 E = Time spent auto-exploring this place.
 F = Levels seen in this place.
 G = Mean time per level.
                   A        B        C        D        E       F      G
               +--------+--------+--------+--------+--------+-----+--------+
         Total |   1098 |   1089 |      9 |    111 |    830 |   2 |  549.0 |
       Dungeon |   1098 |   1089 |      9 |    111 |    830 |   2 |  549.0 |
               +--------+--------+--------+--------+--------+-----+--------+

Top non-repeatable levels by time:
     D:1: 1086 daAuts
     D:2: 12 daAuts
